 Dungeon Crawl Stone Soup version 0.31-a0-473-g61b50ae490 (webtiles) character file.

Game seed: 2037989610715565440

297 Gorglomux the Chopper (level 6, -2/56 HPs)
             Began as a Meteoran Gladiator on Aug 6, 2023.
             Slain by a gnoll
             ... wielding a +0 spear
             ... led by a gnoll bouda
              (3 damage)
             ... on level 5 of the Dungeon.
             The game lasted 00:02:54 (2059 turns).

Gorglomux the Chopper (Meteoran Gladiator)          Turns: 2059, Time: 00:02:55

Health: -2/56      AC:  7    Str: 18    XL:     6   Next: 94%
Magic:  7/7        EV: 11    Int: 10    God:
Gold:   62         SH:  5    Dex: 15    Spells: 5/5 levels left

rFire   . . .        j - +2 war axe (flame)
rCold   . . .        (no shield)
rNeg    . . .        e - +0 scale mail
rPois   .            c - +0 helmet
rElec   .            (no cloak)
rCorr   +            (no gloves)
SInv    +            (no boots)
Will    .....        q - amulet of reflection Stlth
                     g - ring of resist corrosion
HPRegen 0.29/turn    s - ring of see invisible
MPRegen 0.10/turn

%: reflection
@: weakened, hasted, glowing, very quick
A: sense surroundings 1, otherworldly, glowing, explore regen
a: no special abilities


You were on level 5 of the Dungeon.
You visited 1 branch of the dungeon, and saw 5 of its levels.

You collected 62 gold pieces.

Inventory:

Hand Weapons
 a - a +0 war axe
 j - a +2 war axe of flaming (weapon)
Missiles
 v - a javelin (quivered)
 Z - 3 throwing nets
Armour
 c - a +0 helmet (worn)
 e - a +0 scale mail (worn)
Jewellery
 g - a ring of resist corrosion (left hand)
 q - an amulet of reflection (around neck)
 s - a ring of see invisible (right hand)
Wands
 r - a wand of quicksilver (13)
Scrolls
 b - a scroll of fear {unknown}
 d - 3 scrolls of teleportation {unknown}
 f - a scroll of revelation {unknown}
 h - a scroll of immolation {unknown}
 k - a scroll of identify {unknown}
 l - a scroll of amnesia {unknown}
 n - a scroll of enchant weapon {unknown}
Potions
 i - a potion of resistance {unknown}
 m - a potion of lignification {unknown}
 o - 2 potions of attraction {unknown}
 p - a potion of curing {unknown}


   Skills:
 + Level 5.2 Fighting
 + Level 6.4 Axes
 - Level 2.4 Throwing
 - Level 3.6 Dodging


You had 5 spell levels left.
You didn't know any spells.
Your spell library contained the following spells:

 Spells                   Type           Power      Damage    Failure   Level
 Ignite Poison            Fire/Tmut/Pois 0%         N/A       98%         3
 Sticky Flame             Conj/Fire      0%         2d3       100%        4
 Ignition                 Fire           0%         3d3       100%        8


Dungeon Overview and Level Annotations

Branches:
Dungeon (5/15) Zot: 914
 Temple: D:4-7

Altars:

Shops:
D:2 =   D:4 [


Innate Abilities, Weirdness & Mutations

You passively map a small area around you.
You are easily found by Zot.
You glow in the dark.
You regain HP and MP as you explore.


Message History

The gnoll bouda gazes fiercely through you!
You feel your attacks grow feeble.
A gnoll comes into view. It is wielding a +0 spear.
A gnoll comes into view. It is wielding a +0 halberd.
The gnoll shouts!
A gnoll comes into view. It is wielding a +0 halberd.
The gnoll shouts!
You see here a +2 war axe of flaming.
j - a +2 war axe of flaming Your +2 war axe of flaming bursts into flame!
j - a +2 war axe of flaming (weapon)
You block the hound's attack.
You hit the gnoll bouda. You burn the gnoll bouda.
The gnoll bouda is lightly wounded.
You closely miss the hound.
Your attacks no longer feel as feeble.
You block the hound's attack.
The gnoll bouda gazes fiercely through you!
You feel your attacks grow feeble. The gnoll bouda closely misses you.
The gnoll hits you from afar with a +0 halberd!
The hound bites you.
You feel yourself speed up.
The gnoll hits you from afar with a +0 spear.
The gnoll bouda closely misses you. The hound closely misses you.
The gnoll hits you from afar with a +0 halberd!
You hit the gnoll bouda. You burn the gnoll bouda.
The gnoll bouda is heavily wounded.
You slash the hound! You burn the hound. You block the hound's attack.
The gnoll hits you from afar with a +0 spear.
The gnoll bouda misses you. The gnoll hits you but does no damage.
You hit the gnoll bouda but do no damage.
The gnoll bouda is heavily wounded.
You barely miss the hound. The hound barely misses you.
The gnoll barely misses you. The gnoll closely misses you.
The gnoll bouda hits you with a +0 club!
The hound bites you but does no damage.
You hit the gnoll bouda but do no damage.
The gnoll bouda is heavily wounded.
You closely miss the hound.
The gnoll hits you from afar with a +0 halberd!
* * * LOW HITPOINT WARNING * * *
The gnoll hits you from afar with a +0 halberd.
* * * LOW HITPOINT WARNING * * *
The hound bites you.
* * * LOW HITPOINT WARNING * * *
The gnoll bouda hits you with a +0 club.
* * * LOW HITPOINT WARNING * * *
The gnoll hits you from afar with a +0 spear.
You die...

,, *......... ,,
........., ##......#, ,
#.......## #........#* .
##gg..###.# ..
#.gg..#.#.## , ...
###@h........# ....
#.........#.###.....
#.............<......
#.....................
#......................
#......................
#.....?.................
##......................
.........#..........


You could see a gnoll bouda, a hound and 3 gnolls.

Vanquished Creatures
  A black bear (D:4)
  A jelly (D:3)
  An iguana (D:5)
  7 adders
  2 worms (D:2)
  2 dart slugs
  4 orcs
  4 ball pythons
  2 bats
  4 endoplasms
  3 giant cockroaches
  5 goblins
  3 hobgoblins
  6 jackals
  2 quokkas
  A kobold (D:2)
  A rat (D:3)
49 creatures vanquished.

Vanquished Creatures (others)
  An ogre (D:4)
1 creature vanquished.

Grand Total: 50 creatures vanquished

Notes
Turn   | Place    | Note
-------+----------+-------------------------------------------
     0 | D:1      | Gorglomux the Meteoran Gladiator began the quest for the
                  | Orb.
     0 | D:1      | Reached XP level 1. HP: 17/17 MP: 2/2
    51 | D:1      | Reached XP level 2. HP: 22/25 MP: 3/3
   113 | D:2      | Reached skill level 4 in Axes
   119 | D:2      | Reached XP level 3. HP: 30/30 MP: 4/4
   149 | D:2      | Reached skill level 3 in Fighting
   313 | D:2      | Reached XP level 4. HP: 17/38 MP: 5/5
   342 | D:2      | Found Cugrem's Jewellery Emporium.
  1164 | D:3      | Reached skill level 5 in Axes
  1164 | D:3      | Reached XP level 5. HP: 31/46 MP: 6/6
  1621 | D:4      | Noticed an ogre
  1626 | D:4      | Killed an ogre
  1627 | D:4      | Reached XP level 6. HP: 53/53 MP: 7/7
  1820 | D:4      | Found Desuk's Armour Boutique.
  1823 | D:4      | Noticed a black bear
  1834 | D:4      | Killed a black bear
  1835 | D:4      | Reached skill level 6 in Axes
  2037 | D:5      | Entered Level 5 of the Dungeon
  2059 | D:5      | HP: 1/56 [gnoll bouda/+0 club (2)]
  2059 | D:5      | Slain by a gnoll

Illustrated notes

Levels and vault maps discovered:
D:1:      dpeg_arrival_castle, layout_basic, serial_shops, shop_fountains,
          minmay_hexomino_f4
D:2:      layout_loops_ring, serial_shops, shop, chequers_serial_rivers_micro_a
D:3:      layout_basic, kennysheep_generic_room_7
D:4:      minmay_wonky_spiral, layout_basic, amethyst_overflow_temple_binary,
          serial_shops, nicolae_diamond_shop, lemuel_flame_loot_1, uniq_edmund
D:5:      layout_cave_pools

Skill      XL: |  1  2  3  4  5  6 |
---------------+-------------------+-----
Axes           | 4 5 6 |  6.4
Fighting       | 3 4 5 |  5.2
Throwing       | |  2.4
Dodging        | |  3.6

Action                     |  1- 3 |  4- 6 || total
---------------------------+-------+-------++-------
  Melee: War axe           |    50 |   121 ||   171
         Punch             |       |     2 ||     2
  Throw: Javelin           |       |     1 ||     1
    Use: Potion            |       |     3 ||     3
 Armour: Leather armour    |    14 |     6 ||    20
         Scale mail        |       |    67 ||    67
  Dodge: Dodged            |    34 |    76 ||   110
  Block: Other             |       |     5 ||     5

Table legend: (Time is in decaauts)
 A = Elapsed time spent in this place.
 B = Non-inter-level travel time spent in this place.
 C = Inter-level travel time spent in this place.
 D = Time resting spent in this place.
 E = Time spent auto-exploring this place.
 F = Levels seen in this place.
 G = Mean time per level.
                   A        B        C        D        E       F      G
               +--------+--------+--------+--------+--------+-----+--------+
         Total |   2085 |   1920 |    165 |    100 |   1364 |   5 |  417.0 |
       Dungeon |   2085 |   1920 |    165 |    100 |   1364 |   5 |  417.0 |
               +--------+--------+--------+--------+--------+-----+--------+

Top non-repeatable levels by time:
     D:3: 975 daAuts
     D:2: 489 daAuts
     D:4: 487 daAuts
     D:1: 110 daAuts
     D:5: 22 daAuts
